 Dungeon Crawl Stone Soup version 0.20.0-15-g7f486f2 (webtiles) character file.

13612 HeyBub the Thrower (level 12, -9/97 HPs)
             Began as a Hill Orc Monk on June 11, 2017.
             Was a High Priest of Beogh.
             Mangled by a lindwurm (13 damage)
             ... on level 2 of the Lair of Beasts.
             The game lasted 00:21:59 (9868 turns).

HeyBub the Thrower (Hill Orc Monk)                  Turns: 9868, Time: 00:22:00

Health: -9/97      AC: 24    Str: 27    XL:     12   Next: 7%
Magic:  12/12      EV: 14    Int: 10    God:    Beogh [*****.]
Gold:   2103       SH:  0    Dex: 13    Spells: 11/11 levels left

rFire    . . .     SeeInvis .   x - +2 battleaxe (freeze)
rCold    . . .     Gourm    .   (shield currently unavailable)
rNeg     . . .     Faith    .   z - +0 plate armour
rPois    .         Spirit   .   g - +1 helmet
rElec    .         Reflect  .   K - +0 cloak
rCorr    .         Harm     .   k - +1 pair of gloves {Str+3}
MR       .....                  p - +0 pair of boots
Stlth    ..........             (no amulet)
Regen    0.3/turn               y - +2 ring of evasion
MPRegen  0.2/turn               t - +4 ring of protection

@: mighty, flying
A: walk on water
a: Smiting, Recall Orcish Followers, Give Item to Named Follower, Renounce
Religion


You were on level 2 of the Lair of Beasts.
You worshipped Beogh.
Beogh was extremely pleased with you.
You were not hungry.

You visited 2 branches of the dungeon, and saw 11 of its levels.

You collected 2253 gold pieces.
You spent 150 gold pieces at shops.

Inventory:

Hand Weapons
 a - a +0 hand axe
 w - a +1 war axe
 x - a +2 battleaxe of freezing (weapon)
 I - a +2 hunting sling of freezing
Missiles
 f - 2 poisoned javelins
 s - 7 tomahawks (quivered)
 P - 4 poisoned tomahawks
Armour
 g - a +1 helmet (worn)
 k - a +1 pair of gloves of strength (worn)
 p - a +0 pair of boots (worn)
 z - a +0 plate armour (worn)
 K - a +0 cloak (worn)
Magical Staves
 D - an uncursed staff of conjuration {unknown}
Jewellery
 l - an uncursed ring of flight
 n - an uncursed ring of fire
 r - an uncursed ring of stealth
 t - a +4 ring of protection (right hand)
 y - a +2 ring of evasion (left hand)
 J - an uncursed ring of fire
Wands
 E - a wand of polymorph (12/24)
 F - a wand of acid (6/15)
 G - a wand of paralysis (16/24)
 M - a wand of lightning (9/15)
 N - a wand of clouds (6/9)
 Q - a wand of random effects (22/48)
Scrolls
 b - 2 scrolls of teleportation
 d - 2 scrolls of fog
 e - 2 scrolls of fear
 h - 4 scrolls of amnesia
 i - a scroll of magic mapping
 A - 4 scrolls of remove curse
 H - 6 scrolls of identify
 L - a scroll of enchant armour
 R - a scroll of immolation {unknown}
 S - a scroll of silence {unknown}
 W - a scroll of recharging
Potions
 m - 3 potions of curing
 o - 2 potions of cancellation
 v - 2 potions of might
 B - a potion of berserk rage {unknown}
 O - a potion of brilliance {unknown}
 T - 2 potions of flight
 U - a potion of mutation {unknown}
Comestibles
 c - 5 bread rations
 j - 4 meat rations
 u - 11 royal jellies
 C - 3 fruits


   Skills:
 - Level 6.9 Fighting
 - Level 9.2 Axes
 + Level 10.2 Throwing
 - Level 7.0 Armour
 - Level 10.1 Dodging
 - Level 1.9 Stealth
 - Level 0.2 Evocations


You had 11 spell levels left.
You didn't know any spells.

Dungeon Overview and Level Annotations

Branches:
Dungeon (9/15)             Temple (0/1) D:4            Lair (2/6) D:9
  Swamp: Lair:2-4    Shoals: Lair:2-4     Snake: Lair:2-4    Spider: Lair:2-4
    Orc: D:9-12

Altars:
Gozag
Hepliaklqana
Qazlal
Ru
Xom
Yredelemnul

Shops:
D:5 **?[

Annotations:
D:8 1 runed door


Message History

Your orc warrior no longer looks unusually strong.
The lindwurm barely misses you. The lindwurm claws you.
* * * LOW HITPOINT WARNING * * *
The lindwurm barely misses you. The lindwurm closely misses you.
The lindwurm barely misses you. The lindwurm closely misses you.
You slash the lindwurm! You freeze the lindwurm.
The lindwurm is severely wounded.
You barely miss the lindwurm. The lindwurm barely misses you. x2
The lindwurm closely misses you. The lindwurm breathes flames at you.
The blast of flame misses you.
You hit the lindwurm. You freeze the lindwurm.
The lindwurm is almost dead.
You slash the lindwurm! You freeze the lindwurm. The lindwurm bites you.
* * * LOW HITPOINT WARNING * * *
The lindwurm claws you.
* * * LOW HITPOINT WARNING * * *
The lindwurm claws you but does no damage.
The lindwurm bites you!
You die...

...#.....≈.≈≈.≈.....#...........#
#....§≈.≈≈≈§≈§≈§≈§....#.........+
##...§≈§§≈≈≈§§§§≈≈....#.....o...#
##..≈§§§§§≈≈≈≈≈≈≈≈≈≈..P..........
#...≈≈≈≈≈≈≈≈≈≈≈≈≈≈≈≈....+...####.
#...≈≈≈≈≈§....≈≈≈≈≈≈.§§#......###
P.≈§≈≈≈≈§..##...≈≈≈≈§≈§.#.....###
§§§≈≈§≈≈..## #..≈≈≈≈§§.)........#
...§≈§≈..#. #k@≈≈§§...#.......#
..≈§§§≈.## ##k§≈§≈§..#........
.≈§§§§§.## =$##§§§§§≈§...>......
...≈≈§≈..#. !.#.§§§§≈§..#........
..§≈≈§≈§..# ##..≈≈≈≈§o.#.......(#
...§≈≈≈≈... #...≈≈≈≈≈o..+.......+
..§§≈§§§≈≈.§..≈≈≈≈≈§oo..........#
....§§≈§≈≈≈§§≈≈≈≈≈≈≈...#.##.#...#
.....≈≈§≈≈≈§≈§§≈≈≈≈......P#...#.#


You could see 2 lindwurms and the friendly Gorg the orc knight.

Vanquished Creatures
  Gastronok (Lair:2)
  A two-headed ogre (D:6)
  A lindwurm (Lair:2)
  A cyclops (D:8)
  A black mamba (Lair:1)
  2 spiny frogs
  3 komodo dragons
  5 blink frogs
  A hippogriff (D:8)
  The ghost of demenzo the Bolt Thrower, an amateur KoHu (D:3)
  2 yaks (Lair:2)
  3 water moccasins (Lair:1)
  2 porcupines
  5 sky beasts
  A black bear (D:6)
  An orc warrior (D:6)
  2 ice beasts
  A phantom (D:6)
  An ogre (D:7)
  A crocodile (Lair:1)
  4 bullfrogs
  3 scorpions
  Dowan (D:7)
  10 killer bees
  4 wights
  2 electric eels
  2 howler monkeys
  3 crimson imps
  A bullfrog skeleton (D:6)
  3 orc priests
  8 jellies
  3 centaur zombies
  4 hounds
  A centaur skeleton (D:8)
  2 iguanas
  Jessica (D:2)
  6 orc wizards
  7 worker ants
  3 hound skeletons
  8 adders
  7 gnolls
  14 oozes
  An adder zombie (D:5)
  An adder skeleton (D:7)
  9 worms
  7 leopard geckos
  15 orcs
  11 bats
  4 giant cockroaches
  7 hobgoblins
  A jackal (D:8)
  5 quokkas
  5 frilled lizards
  9 goblins
  4 kobolds
  7 rats
  A plant (D:7)
220 creatures vanquished.

Vanquished Creatures (collateral kills)
  2 two-headed ogres (D:8)
  A lindwurm (Lair:2)
  The ghost of qandnotyew the Nimble, a novice TeMo of Kikubaaqudgha (D:7)
  An oklob plant (D:9)
  3 spiny frogs
  A queen bee (Lair:1)
  3 blink frogs
  2 hippogriffs
  2 yaks (Lair:2)
  A water moccasin (Lair:2)
  Duvessa (D:7)
  2 porcupines
  A black bear (D:8)
  A sky beast (D:7)
  A crocodile (Lair:1)
  2 bullfrogs
  A scorpion (D:8)
  9 killer bees (Lair:1)
  5 wights
  A jelly (D:8)
  An iguana (D:9)
  A worker ant (D:8)
  An adder (D:8)
  An adder skeleton (D:8)
  2 orcs (D:7)
  2 fungi (Lair:1)
  2 plants (Lair:2)
51 creatures vanquished.

Vanquished Creatures (others)
  An orc knight (Lair:2)
  2 orc wizards
  7 orcs
  4 fungi (D:9)
14 creatures vanquished.

Grand Total: 285 creatures vanquished

Notes
Turn   | Place    | Note
-------+----------+-------------------------------------------
     0 | D:1      | HeyBub the Hill Orc Monk began the quest for the Orb.
     0 | D:1      | Reached XP level 1. HP: 19/19 MP: 1/1
   113 | D:1      | Reached XP level 2. HP: 26/27 MP: 2/2
   894 | D:2      | Reached XP level 3. HP: 31/33 MP: 3/3
   989 | D:2      | Found a sacrificial altar of Ru.
   989 | D:2      | Found a basalt altar of Yredelemnul.
  1060 | D:2      | Reached skill level 5 in Axes
  1488 | D:2      | Reached XP level 4. HP: 39/40 MP: 4/4
  1530 | D:2      | Noticed Jessica
  1532 | D:2      | Killed Jessica
  1532 | D:2      | Reached skill level 1 in Armour
  2112 | D:3      | Reached XP level 5. HP: 47/47 MP: 5/5
  2347 | D:3      | Noticed demenzo's ghost (amateur KoHu)
  2379 | D:3      | Killed demenzo's ghost
  2379 | D:3      | Reached skill level 5 in Fighting
  2379 | D:3      | Reached XP level 6. HP: 14/56 MP: 6/6
  2999 | D:4      | Found an opulent altar of Gozag.
  3105 | D:4      | Found a staircase to the Ecumenical Temple.
  3270 | D:4      | Reached XP level 7. HP: 17/61 MP: 7/7
  3838 | D:5      | Entered Level 5 of the Dungeon
  3838 | D:5      | Found Zeliusch's Antique Armour Emporium.
  3849 | D:5      | Found Wokhluny's Magic Scroll Boutique.
  3913 | D:5      | Became a worshipper of Beogh the Brigand
  3913 | D:5      | Reached * piety under Beogh
  3913 | D:5      | Reached ** piety under Beogh
  3916 | D:5      | Found Ceivahej's General Store.
  3927 | D:5      | Found Acyos's Antique Armour Emporium.
  4019 | D:5      | Bought a pair of glowing gloves for 150 gold pieces
  4347 | D:5      | Found Achibbol's General Store.
  4792 | D:6      | Reached XP level 8. HP: 67/70 MP: 8/8
  4912 | D:6      | Noticed a two-headed ogre
  4920 | D:6      | HP: 2/70 [two-headed ogre/giant spiked club (19)]
  4922 | D:6      | Killed a two-headed ogre
  5480 | D:6      | Reached XP level 9. HP: 78/78 MP: 9/9
  5711 | D:7      | Reached skill level 5 in Dodging
  5725 | D:7      | Found a hazy altar of Hepliaklqana.
  5920 | D:7      | Reached *** piety under Beogh
  6008 | D:7      | Noticed Dowan
  6009 | D:7      | Noticed Duvessa
  6011 | D:7      | Killed Dowan
  6018 | D:7      | Killed Duvessa
  6242 | D:7      | Noticed qandnotyew's ghost (novice TeMo)
  6269 | D:7      | Killed qandnotyew's ghost
  6291 | D:7      | Reached XP level 10. HP: 66/84 MP: 10/10
  6453 | D:8      | Found a runed door.
  6600 | D:8      | Noticed a two-headed ogre
  6607 | D:8      | Killed a two-headed ogre
  6629 | D:8      | Noticed a cyclops
  6639 | D:8      | Killed a cyclops
  6745 | D:8      | Found a runed door.
  6878 | D:8      | Noticed a two-headed ogre
  6885 | D:8      | Killed a two-headed ogre
  6885 | D:8      | Reached skill level 10 in Dodging
  7108 | D:8      | Found a stormy altar of Qazlal.
  7149 | D:8      | Reached **** piety under Beogh
  7284 | D:8      | Identified a scroll of acquirement
  7566 | D:9      | Reached skill level 1 in Throwing
  7735 | D:9      | Noticed an oklob plant
  7791 | D:9      | Killed an oklob plant
  8065 | D:9      | Reached XP level 11. HP: 91/91 MP: 11/11
  8204 | D:9      | Found a staircase to the Lair.
  8418 | Lair:1   | Entered Level 1 of the Lair of Beasts
  8427 | Lair:1   | Reached skill level 5 in Throwing
  8536 | Lair:1   | Gained Borgoth as an ally
  8543 | Lair:1   | Found a shimmering altar of Xom.
  8597 | Lair:1   | Reached ***** piety under Beogh
  9434 | Lair:2   | Noticed Gastronok
  9442 | Lair:2   | Killed Gastronok
  9510 | Lair:2   | Your ally Borgoth died
  9545 | Lair:2   | Gained Gorg as an ally
  9839 | Lair:2   | Noticed a lindwurm
  9842 | Lair:2   | Noticed a lindwurm
  9842 | Lair:2   | Noticed a lindwurm
  9852 | Lair:2   | Noticed a lindwurm
  9854 | Lair:2   | HP: 4/91 [lindwurm (10)]
  9862 | Lair:2   | Killed a lindwurm
  9862 | Lair:2   | Reached skill level 10 in Throwing
  9862 | Lair:2   | Reached XP level 12. HP: 35/97 MP: 12/12
  9863 | Lair:2   | Gained Grimold as an ally
  9864 | Lair:2   | HP: 3/97 [lindwurm/blast of flame (10)]
  9868 | Lair:2   | Mangled by a lindwurm

Skill      XL: |  1  2  3  4  5  6  7  8  9 10 11 |
---------------+----------------------------------+-----
Fighting       | 4 5 6 |  6.9
Axes           | 5 7 9 |  9.2
Armour         | 1 2 4 7 |  7.0
Dodging        | 3 4 7 10 | 10.1
Throwing       | 4 10 | 10.2
Stealth        | |  1.9
Evocations     | |  0.2

Action                   |  1- 3 |  4- 6 |  7- 9 | 10-12 || total
-------------------------+-------+-------+-------+-------++-------
Melee: Hand axe          |   123 |       |       |       ||   123
       War axe           |    10 |   159 |   246 |       ||   415
       Battleaxe         |       |       |    92 |   296 ||   388
Invok: Convert to Beogh  |       |       |     1 |       ||     1
       Recall Orcish Fol |       |       |       |     2 ||     2
 Abil: Evoke Flight      |     1 |       |       |     1 ||     2
       Stop Flying       |     1 |       |       |       ||     1
  Use: Potion            |     1 |     8 |     1 |     7 ||    17
       Scroll            |       |     8 |     5 |     4 ||    17
 Stab: Sleeping          |     3 |     1 |       |       ||     4
       Distracted        |       |       |     2 |     5 ||     7
  Eat: Chunk             |     1 |     3 |     4 |    13 ||    21
       Meat ration       |       |     1 |       |       ||     1
       Royal jelly       |       |       |     2 |       ||     2
Armor: Robe              |    15 |       |       |       ||    15
       Leather armour    |    26 |     8 |       |       ||    34
       Scale mail        |     2 |       |       |       ||     2
       Skin              |     5 |    16 |       |       ||    21
       Plate armour      |       |    67 |   235 |   188 ||   490
Dodge: Dodged            |   101 |    47 |   145 |   245 ||   538
